 Dungeon Crawl Stone Soup version 0.30.0-11-gf55b779eaf (webtiles) character file.

Game seed: 15897004514800346819

39 freelancePsychic the Shooter (level 3, -9/32 HPs)
             Began as an Armataur Hunter on May 16, 2023.
             Was a Follower of Elyvilon.
             Killed by an exploding Grinder (35 damage)
             ... ignited by their inner flame
             ... on level 3 of the Dungeon.
             The game lasted 00:01:48 (1476 turns).

freelancePsychic the Shooter (Armataur Hunter)      Turns: 1476, Time: 00:01:49

Health: -9/32      AC:  6    Str: 18    XL:     3   Next: 28%
Magic:  3/3        EV:  9    Int:  9    God:    Elyvilon [*.....]
Gold:   108        SH:  0    Dex: 13    Spells: 2/2 levels left

rFire   . . .        a - +0 shortbow
rCold   . . .        (shield currently unavailable)
rNeg    . . .        c - +0 leather armour
rPois   .            q - +0 helmet
rElec   .            e - +0 cloak
rCorr   .            (no gloves)
SInv    .            (no barding)
Will    .....        (no amulet)
Stlth   ++           (no ring)
HPRegen 0.25/turn    (no ring)
MPRegen 0.08/turn

%: roll
@: no status effects
A: large, rugged brown scales 3, deformed body, armoured tail, roll, long
tongue, awkward tongue
a: Renounce Religion, Purification


You were on level 3 of the Dungeon.
You worshipped Elyvilon.
Elyvilon was aware of your devotion.
You visited 1 branch of the dungeon, and saw 3 of its levels.

You collected 108 gold pieces.

Inventory:

Hand Weapons
 a - a +0 shortbow (weapon)
 h - a +2 dagger of holy wrath
Armour
 c - a +0 leather armour (worn)
 e - a +0 cloak (worn)
 q - a +0 helmet (worn)
Jewellery
 o - a ring of protection from fire
Scrolls
 b - 2 scrolls of immolation
 d - a scroll of fog {unknown}
 f - a scroll of fear {unknown}
 g - a scroll of amnesia {unknown}
 m - a scroll of magic mapping {unknown}
 n - a scroll of vulnerability {unknown}
 p - a scroll of noise {unknown}
Potions
 i - 2 potions of magic {unknown}
 j - a potion of haste {unknown}
 k - 2 potions of lignification {unknown}
 l - 3 potions of heal wounds {unknown}


   Skills:
 + Level 2.7 Fighting
 - Level 2.9 Ranged Weapons
 - Level 1.3 Dodging
 + Level 2.8 Stealth
 + Level 0.0 Invocations


You had 2 spell levels left.
You didn't know any spells.
Your spell library contained the following spells:

 Spells                   Type           Power      Damage    Failure   Level
 Iskenderun's Battlesphe  Conj           0%         2d6       100%        5
 Iron Shot                Conj/Erth      0%         9d1       100%        6
 Spellforged Servitor     Conj/Summ      0%         N/A       100%        7


Dungeon Overview and Level Annotations

Branches:
Dungeon (3/15)

Altars:
Elyvilon


Innate Abilities, Weirdness & Mutations

You are completely covered in rugged brown scales. (AC +3, +7% HP)
Armour fits poorly on your strangely shaped body.
You have a long armoured tail.
You roll when moving toward enemies. (Rampage)
Your long tongue fully drains potion bottles. (2x potion effects)
Your tongue gives you trouble enunciating. (1.5x scroll delay)


Message History

Unknown command.
Unknown command.
Unknown command.
Unknown command.
Unknown command.
Unknown command.
Unknown command.
Unknown command.
Unknown command.
Unknown command.
Unknown command.
Unknown command.
Unknown command.
Unknown command.
Unknown command.
Unknown command.
Unknown command.
Really read the scroll of immolation?
As you slowly read the scroll of immolation, it crumbles to dust.
The creatures around you are filled with an inner flame!
Grinder gestures at you.
You shrug off the repeated paralysis!
Grinder gestures at you.
You shrug off the repeated paralysis!
You shoot an arrow. The arrow hits Grinder.
Flame seeps out of Grinder.
Grinder is lightly wounded.
Grinder is engulfed in blazing flames.
Flame seeps out of Grinder.
Grinder rolls her eyes.
Grinder hits you.
You writhe in agony.
Grinder is engulfed in blazing flames.
Flame seeps out of Grinder.
Fire: a) +0 shortbow
Press: ? - help, Shift-Dir - straight line, f/p - Grinder
Aim: Grinder (severely wounded, inner flame, 55% to hit)
You shoot an arrow. The arrow hits Grinder.
Flame seeps out of Grinder.
Grinder is almost dead.
Grinder is engulfed in blazing flames.
Grinder explodes!
The fiery explosion engulfs you!!
Ouch! That really hurt!
You die...

###..##
##.†.##
#..#(#
###.##.#
#...##.#
#5####.##
#.# #§°#
#....#
##○###
.....####
#.@§.#
....
#....#
...
#....# ..
.....# .
##....#
######


There were no monsters in sight!

Vanquished Creatures
  Grinder (D:3)
  A worm (D:2)
  A dart slug (D:1)
  3 endoplasms (D:1)
  A giant cockroach (D:1)
  A goblin (D:1)
  2 hobgoblins
  3 jackals (D:1)
  4 quokkas
  4 ball pythons
  A bat (D:1)
  A frilled lizard (D:3)
  6 kobolds
  5 rats (D:1)
34 creatures vanquished.

Notes
Turn   | Place    | Note
-------+----------+-------------------------------------------
     0 | D:1      | freelancePsychic the Armataur Hunter began the quest for
                  | the Orb.
     0 | D:1      | Reached XP level 1. HP: 18/18 MP: 1/1
   243 | D:1      | Reached XP level 2. HP: 25/25 MP: 2/2
   677 | D:2      | Reached XP level 3. HP: 24/32 MP: 3/3
   971 | D:2      | Found a faded altar of an unknown god.
  1053 | D:2      | Prayed at the altar of an unknown god.
  1053 | D:2      | Became a worshipper of Elyvilon the Healer
  1053 | D:2      | Reached * piety under Elyvilon
  1449 | D:3      | Noticed Grinder
  1469 | D:3      | Paralysed by Grinder for 4 turns
  1476 | D:3      | Killed Grinder
  1476 | D:3      | Killed by an exploding Grinder... ignited by their inner
                  | flame

Illustrated notes

Levels and vault maps discovered:
D:1:      moated_graveyard_arrival, layout_rooms, nicolae_hexahallways
D:2:      layout_loops_ring, hellmonk_ecumenical_altar_blasted,
          grunt_ministairs_7, minmay_misc_feat_room
D:3:      layout_rooms, uniq_grinder

Skill      XL: |  1  2 |
---------------+-------+-----
Fighting       | 2 |  2.7
Stealth        | 2 |  2.8
Ranged Weapons | |  2.9
Dodging        | |  1.3

Action                     || total
---------------------------++-------
   Fire: Shortbow          ||   103
    Use: Scroll            ||     1
 Armour: Leather armour    ||    21
  Dodge: Dodged            ||    32
